PAA
DURHAM RAPIERS @ SPRINGFIELD SHOOTERS
07/02/2031
 
TOP OF THE 1ST
Durham Rapiers batting - Pitching for Springfield Shooters : RHP Pedro Lara
Pitching: RHP Pedro Lara
Batting: LHB Alberto Garza 0-0: Ground out 1-3 (Groundball, 15S)
Batting: RHB Tomás Costello 0-0: Ball
1-0: Called Strike
1-1: Swinging Strike
1-2: Ball
2-2: Strikes out swinging
Batting: LHB Glen Allen Mixon 0-0: Called Strike
0-1: Foul Ball, location: 2F
0-2: Ball
1-2: Ball
2-2: Strikes out swinging
Top of the 1st over - 0 runs, 0 hits, 0 errors, 0 left on base; Durham 0 - Springfield 0
BOTTOM OF THE 1ST
Springfield Shooters batting - Pitching for Durham Rapiers : RHP Johnnie Bough
Pitching: RHP Johnnie Bough
Batting: RHB Eun-bum Kim 0-0: Called Strike
0-1: Ground out 6-3 (Groundball, 6)
Batting: RHB Barrett Drury 0-0: Ball
1-0: Called Strike
1-1: Foul Ball, location: 2F
1-2: Ground out 6-3 (Groundball, 6M)
Batting: RHB Sébastien Bernard 0-0: Called Strike
0-1: Fly out, F7 (Flyball, 7LS)
Bottom of the 1st over - 0 runs, 0 hits, 0 errors, 0 left on base; Durham 0 - Springfield 0
TOP OF THE 2ND
Durham Rapiers batting - Pitching for Springfield Shooters : RHP Pedro Lara
Batting: RHB Tomás Duarte 0-0: Swinging Strike
0-1: Swinging Strike
0-2: Foul Ball, location: 2F
0-2: Ball
1-2: Strikes out swinging
Batting: RHB Guillermo Mata 0-0: Ball
1-0: Called Strike
1-1: Ball
2-1: Called Strike
2-2: Strikes out swinging
Batting: RHB Raúl Moreno 0-0: Foul Ball, location: 2F
0-1: Foul Ball, location: 2F
0-2: Ball
1-2: DOUBLE (Line Drive, 9LM)
Batting: RHB Yoshi Kouda 0-0: DOUBLE (Line Drive, 9LM)
Raúl Moreno scores
Batting: RHB Mason Congdon 0-0: Ball
1-0: Called Strike
1-1: Ball
2-1: Fly out, F8 (Flyball, 8RD)
Top of the 2nd over - 1 run, 2 hits, 0 errors, 1 left on base; Durham 1 - Springfield 0
BOTTOM OF THE 2ND
Springfield Shooters batting - Pitching for Durham Rapiers : RHP Johnnie Bough
Batting: RHB Fletcher Megarity 0-0: Ball
1-0: Called Strike
1-1: Swinging Strike
1-2: Ground out 5-3 (Groundball, 56)
Batting: RHB Stephen Chávez 0-0: Called Strike
0-1: Foul Ball, location: 2F
0-2: Ball
1-2: Strikes out swinging
Batting: RHB Tony Martínez 0-0: Ground out 5-3 (Groundball, 56S)
Bottom of the 2nd over - 0 runs, 0 hits, 0 errors, 0 left on base; Durham 1 - Springfield 0
TOP OF THE 3RD
Durham Rapiers batting - Pitching for Springfield Shooters : RHP Pedro Lara
Batting: SHB Fernando Rincón 0-0: SINGLE (Line Drive, 78S)
Batting: LHB Alberto Garza 0-0: Ball
1-0: Called Strike
1-1: DOUBLE (Line Drive, 89D)
Fernando Rincón to third
Batting: RHB Tomás Costello 0-0: Ball
1-0: Ball
2-0: Foul Ball, location: 2F
2-1: Ball
3-1: Base on Balls
Batting: LHB Glen Allen Mixon 0-0: Called Strike
0-1: Ball
1-1: DOUBLE (Line Drive, 9LD)
Fernando Rincón scores
Alberto Garza scores
Tomás Costello to third
Batting: RHB Tomás Duarte 0-0: Ball
1-0: Ball
2-0: Called Strike
2-1: SINGLE (Groundball, 56D)
Tomás Costello scores
Glen Allen Mixon to third
Batting: RHB Guillermo Mata 0-0: Ball
1-0: Foul Ball, location: 2F
1-1: Ball
2-1: SINGLE (Groundball, 6MD)
Glen Allen Mixon scores
Tomás Duarte to second
Batting: RHB Raúl Moreno 0-0: Ball
1-0: SINGLE (Line Drive, 6M)
Tomás Duarte to third
Guillermo Mata to second
Runner from 3rd tries for Home, SAFE, no throw
Batting: RHB Yoshi Kouda 0-0: SINGLE (Groundball, 34D)
Guillermo Mata to third
Raúl Moreno to second
Runner from 3rd tries for Home, SAFE, no throw
Batting: RHB Mason Congdon 0-0: Ball
1-0: Foul Ball, location: 2F
1-1: Called Strike
1-2: Ball
2-2: Grounds into double play, 4-6-3 (Groundball, 4)
Raúl Moreno to third
Batting: SHB Fernando Rincón 0-0: Called Strike
0-1: Ball
1-1: Fly out, F5 (Popup, 25)
Top of the 3rd over - 6 runs, 7 hits, 0 errors, 1 left on base; Durham 7 - Springfield 0
BOTTOM OF THE 3RD
Springfield Shooters batting - Pitching for Durham Rapiers : RHP Johnnie Bough
Batting: RHB Jack Stidston 0-0: Ball
1-0: Ball
2-0: Called Strike
2-1: Ball
3-1: Base on Balls
Batting: RHB Lee Charles 0-0: Ball
1-0: Called Strike
1-1: Ball
2-1: Swinging Strike
2-2: Ball
3-2: Base on Balls
Jack Stidston to second
Batting: RHB Young-hoon Im 0-0: Ground out 2-3 (Groundball, 15S)
Jack Stidston to third
Lee Charles to second
Batting: RHB Eun-bum Kim 0-0: Ball
1-0: Ball
2-0: Ground out U3 (Groundball, 3L)
Batting: RHB Barrett Drury 0-0: Called Strike
0-1: Ball
1-1: Ground out 6-3 (Groundball, 6)
Bottom of the 3rd over - 0 runs, 0 hits, 0 errors, 2 left on base; Durham 7 - Springfield 0
TOP OF THE 4TH
Durham Rapiers batting - Pitching for Springfield Shooters : RHP Pedro Lara
Batting: LHB Alberto Garza 0-0: Called Strike
0-1: Ball
1-1: Ball
2-1: SINGLE (Groundball, 6MD)
Batting: RHB Tomás Costello 0-0: Ball
1-0: Ball
2-0: Ball
3-0: Called Strike
3-1: Grounds into double play, 5-4-3 (Groundball, 5)
Batting: LHB Glen Allen Mixon 0-0: SOLO HOME RUN (Flyball, 9LD), Distance : 350 ft
Batting: RHB Tomás Duarte 0-0: Called Strike
0-1: Called Strike
0-2: Foul Ball, location: 2F
0-2: Ball
1-2: Ball
2-2: Ball
3-2: Base on Balls
Batting: RHB Guillermo Mata 0-0: Ball
Tomás Duarte steals 2nd base
1-0: SINGLE (Line Drive, 6D)
Tomás Duarte to third
Runner from 3rd tries for Home, SAFE, no throw
Batting: RHB Raúl Moreno 0-0: Fly out, F8 (Flyball, 8RS)
Top of the 4th over - 2 runs, 3 hits, 0 errors, 1 left on base; Durham 9 - Springfield 0
BOTTOM OF THE 4TH
Springfield Shooters batting - Pitching for Durham Rapiers : RHP Johnnie Bough
Batting: RHB Sébastien Bernard 0-0: Called Strike
0-1: Foul Ball, location: 2F
0-2: Ball
1-2: Ball
2-2: Foul Ball, location: 2F
2-2: Foul Ball, location: 2F
2-2: Strikes out swinging
Batting: RHB Fletcher Megarity 0-0: Ball
1-0: Ball
2-0: Ball
3-0: Called Strike
3-1: Foul Ball, location: 2F
3-2: Foul Ball, location: 2F
3-2: Foul Ball, location: 2F
3-2: Ground out 4-3 (Groundball, 4)
Batting: RHB Stephen Chávez 0-0: Swinging Strike
0-1: Foul Ball, location: 2F
0-2: Foul Ball, location: 2F
0-2: Ball
1-2: Strikes out swinging
Bottom of the 4th over - 0 runs, 0 hits, 0 errors, 0 left on base; Durham 9 - Springfield 0
TOP OF THE 5TH
Durham Rapiers batting - Pitching for Springfield Shooters : RHP Pedro Lara
Batting: RHB Yoshi Kouda 0-0: Called Strike
0-1: Swinging Strike
0-2: Strikes out swinging
Batting: RHB Mason Congdon 0-0: Swinging Strike
0-1: Ball
1-1: Called Strike
1-2: Fly out, F5 (Line Drive, 56)
Batting: SHB Fernando Rincón 0-0: Called Strike
0-1: Ball
1-1: Ball
2-1: Foul Ball, location: 2F
2-2: Ground out 4-3 (Groundball, 4MS)
Top of the 5th over - 0 runs, 0 hits, 0 errors, 0 left on base; Durham 9 - Springfield 0
BOTTOM OF THE 5TH
Springfield Shooters batting - Pitching for Durham Rapiers : RHP Johnnie Bough
Batting: RHB Tony Martínez 0-0: Foul Ball, location: 2F
0-1: Ground out 2-3 (Groundball, 2L)
Batting: RHB Jack Stidston 0-0: Swinging Strike
0-1: Foul Ball, location: 2F
0-2: Ball
1-2: Strikes out swinging
Batting: RHB Lee Charles 0-0: Foul Ball, location: 2F
0-1: Ball
1-1: Ball
2-1: Foul Ball, location: 2F
2-2: Fly out, F1 (Line Drive, 15)
Bottom of the 5th over - 0 runs, 0 hits, 0 errors, 0 left on base; Durham 9 - Springfield 0
TOP OF THE 6TH
Durham Rapiers batting - Pitching for Springfield Shooters : RHP Pedro Lara
Pitching: LHP Otte Leuthold
Batting: LHB Alberto Garza 0-0: Called Strike
0-1: Foul Ball, location: 2F
0-2: Strikes out swinging
Batting: RHB Tomás Costello 0-0: Ball
1-0: Ball
2-0: Ball
3-0: Base on Balls
Batting: LHB Glen Allen Mixon 0-0: Ball
1-0: 2-RUN HOME RUN (Line Drive, 9LD), Distance : 336 ft
Batting: RHB Tomás Duarte 0-0: Ball
1-0: Foul Ball, location: 2F
1-1: Ball
2-1: Ball
3-1: Base on Balls
Batting: RHB Guillermo Mata 0-0: Ball
1-0: Foul Ball, location: 2F
1-1: Foul Ball, location: 2F
1-2: Foul Ball, location: 2F
1-2: Foul Ball, location: 2F
1-2: Foul Ball, location: 2F
1-2: Fly out, F6 (Line Drive, 6MD)
Batting: RHB Raúl Moreno 0-0: Ball
1-0: Ball
2-0: Called Strike
2-1: SINGLE (Groundball, 56D)
Tomás Duarte to second
Batting: RHB Yoshi Kouda 0-0: Called Strike
Tomás Duarte steals 3rd base
0-1: Foul Ball, location: 2F
0-2: Ball
1-2: Foul Ball, location: 2F
1-2: Ball
2-2: Foul Ball, location: 2F
2-2: Ball
3-2: Foul Ball, location: 2F
3-2: Fly out, F3 (Popup, 3F)
Top of the 6th over - 2 runs, 2 hits, 0 errors, 2 left on base; Durham 11 - Springfield 0
BOTTOM OF THE 6TH
Springfield Shooters batting - Pitching for Durham Rapiers : RHP Johnnie Bough
Batting: RHB Young-hoon Im 0-0: Ball
1-0: Ground out 4-3 (Groundball, 4)
Batting: RHB Eun-bum Kim 0-0: Called Strike
0-1: Fly out, F7 (Flyball, 7S)
Batting: RHB Barrett Drury 0-0: Ball
1-0: Ground out 4-3 (Groundball, 4S)
Bottom of the 6th over - 0 runs, 0 hits, 0 errors, 0 left on base; Durham 11 - Springfield 0
TOP OF THE 7TH
Durham Rapiers batting - Pitching for Springfield Shooters : LHP Otte Leuthold
Batting: RHB Mason Congdon 0-0: Called Strike
0-1: Fly out, F7 (Flyball, 7)
Batting: SHB Fernando Rincón 0-0: Ball
1-0: Called Strike
1-1: Foul Ball, location: 2F
1-2: SINGLE (Line Drive, 34D)
Batting: LHB Alberto Garza 0-0: Ball
1-0: SINGLE (Groundball, 25) (infield hit)
Fernando Rincón to second
Batting: RHB Tomás Costello 0-0: Ground out U3 (Groundball, 34S)
Fernando Rincón to third
Alberto Garza to second
Batting: LHB Glen Allen Mixon 0-0: Called Strike
0-1: Called Strike
0-2: Ball
1-2: Ball
2-2: Strikes out swinging
Top of the 7th over - 0 runs, 2 hits, 0 errors, 2 left on base; Durham 11 - Springfield 0
BOTTOM OF THE 7TH
Springfield Shooters batting - Pitching for Durham Rapiers : RHP Johnnie Bough
Batting: RHB Sébastien Bernard 0-0: Ball
1-0: Called Strike
1-1: SINGLE (Groundball, 4S) (infield hit)
Batting: RHB Fletcher Megarity 0-0: DOUBLE (Line Drive, 9LD)
Sébastien Bernard to third
Batting: RHB Stephen Chávez 0-0: Called Strike
0-1: Ground out 4-3 (Groundball, 34)
Sébastien Bernard scores
Fletcher Megarity to third
Batting: RHB Tony Martínez 0-0: Called Strike
0-1: Ball
1-1: Fly out, F7 (Flyball, 7S)
Runner from 3rd tags up, SCORES, throw made
Batting: RHB Jack Stidston 0-0: Ball
1-0: Ground out 4-3 (Groundball, 4MS)
Bottom of the 7th over - 2 runs, 2 hits, 0 errors, 0 left on base; Durham 11 - Springfield 2
TOP OF THE 8TH
Durham Rapiers batting - Pitching for Springfield Shooters : LHP Otte Leuthold
Batting: RHB Tomás Duarte 0-0: Called Strike
0-1: Ball
1-1: Swinging Strike
1-2: Foul Ball, location: 2F
1-2: Strikes out swinging
Batting: RHB Guillermo Mata 0-0: Ball
1-0: Fly out, F9 (Line Drive, 9)
Batting: RHB Raúl Moreno 0-0: Foul Ball, location: 2F
0-1: Ball
1-1: Foul Ball, location: 2F
1-2: Ground out 6-3 (Groundball, 6)
Top of the 8th over - 0 runs, 0 hits, 0 errors, 0 left on base; Durham 11 - Springfield 2
BOTTOM OF THE 8TH
Springfield Shooters batting - Pitching for Durham Rapiers : RHP Johnnie Bough
Batting: RHB Lee Charles 0-0: Called Strike
0-1: Ball
1-1: Ball
2-1: Fly out, F7 (Flyball, 78S)
Batting: RHB Young-hoon Im 0-0: Ground out 6-3 (Groundball, 6)
Batting: RHB Eun-bum Kim 0-0: Ball
1-0: Fly out, F9 (Line Drive, 89XD)
Bottom of the 8th over - 0 runs, 0 hits, 0 errors, 0 left on base; Durham 11 - Springfield 2
TOP OF THE 9TH
Durham Rapiers batting - Pitching for Springfield Shooters : LHP Otte Leuthold
Batting: RHB Yoshi Kouda 0-0: Called Strike
0-1: Foul Ball, location: 2F
0-2: Ball
1-2: SINGLE (Line Drive, 89S)
Pitching: RHP Roy Gartner
Batting: RHB Mason Congdon 0-0: Ball
1-0: Called Strike
1-1: Grounds into double play, 4-6-3 (Groundball, 4)
Pinch Hitting: RHB Armando Chamú 0-0: Ball
1-0: Ball
2-0: Called Strike
2-1: Ground out 6-3 (Groundball, 6)
Top of the 9th over - 0 runs, 1 hit, 0 errors, 0 left on base; Durham 11 - Springfield 2
BOTTOM OF THE 9TH
Springfield Shooters batting - Pitching for Durham Rapiers : RHP Johnnie Bough
Now at SS: Colby King
Batting: RHB Barrett Drury 0-0: SINGLE (Groundball, 34D)
Batting: RHB Sébastien Bernard Pickoff Throw to First - Error! E1
Barrett Drury to second
0-0: Called Strike
0-1: Called Strike
0-2: Ball
1-2: Fly out, F1 (Line Drive, 13)
Batting: RHB Fletcher Megarity 0-0: Foul Ball, location: 2F
0-1: SINGLE (Groundball, 6MD)
Barrett Drury to third
Batting: RHB Stephen Chávez 0-0: Foul Ball, location: 2F
0-1: Ball
1-1: Foul Ball, location: 2F
1-2: Foul Ball, location: 2F
1-2: Strikes out looking
Batting: RHB Tony Martínez 0-0: DOUBLE (Line Drive, 8LD)
Barrett Drury scores
Fletcher Megarity to third
Batting: RHB Jack Stidston 0-0: Foul Ball, location: 2F
0-1: Called Strike
0-2: Foul Ball, location: 2F
0-2: Ball
1-2: Ball
2-2: Fly out, F8 (Line Drive, 8RXD)
Bottom of the 9th over - 1 run, 3 hits, 1 error, 2 left on base; Durham 11 - Springfield 3
Tuesday, June 12th, 2018 - OOTP Baseball 18.8 Build 76